 Dungeon Crawl Stone Soup version 0.29.1-1-gd02db6906a (webtiles) character file.

Game seed: 2041365880519431034

11046 hawla the Scorcher (level 12, -1/126 HPs)
             Began as a Meteoran Fire Elementalist on Oct 19, 2022.
             Slain by a dire elephant simulacrum (2 damage)
             ... in an ice cave.
             The game lasted 00:28:04 (6434 turns).

hawla the Scorcher (Meteoran Fire Elementalist)     Turns: 6434, Time: 00:28:05

Health: -1/126     AC: 30    Str: 10    XL:     12   Next: 28%
Magic:  0/25       EV:  2    Int: 22    God:
Gold:   466        SH:  5    Dex: 13    Spells: 7/27 levels left

rFire   . . .      SeeInvis .   f - +3 flail (holy)
rCold   . . .      Faith    .   (no shield)
rNeg    . . .      Spirit   .   (body armour currently unavailable)
rPois   +          Reflect  +   (helmet currently unavailable)
rElec   .          Harm     .   (cloak currently unavailable)
rCorr   .          Rampage  .   (gloves currently unavailable)
Will    +....      NoTele   +   (boots currently unavailable)
Stlth   +.........              z - amulet of reflection
HPRegen 0.31/turn               g - +4 ring of protection
MPRegen 0.19/turn               l - ring of poison resistance

@: tree-form (expiring), glowing
A: stationary, stasis, torment immunity, boosted hp, sense surroundings 2,
otherworldly, glowing, explore regen, clumsy 1
a: no special abilities


You were in an ice cave.
You were a tree.
You visited 3 branches of the dungeon, and saw 12 of its levels.
You also visited: Ice Cave.

You collected 466 gold pieces.

Inventory:

Hand Weapons
 f - a +3 flail of holy wrath (weapon)
 m - the +10 mace of Plunder {freeze, rC- Str+5 Dex+4}
   (You found it on level 3 of the Dungeon)

   It freezes those it strikes, dealing additional cold damage.
   It can also slow down cold-blooded creatures.
   Str:       It affects your strength (+5).
   Dex:       It affects your dexterity (+4).
   rC:        It makes you vulnerable to cold.
 r - the +8 trident of the Octopus King {venom, rElec rPois}
   (You found it on level 10 of the Dungeon)

   It poisons the flesh of those it strikes.
   rElec:     It insulates you from electricity.
   rPois:     It protects you from poison.
Armour
 e - a +0 pair of gloves (melded)
 h - a +1 robe of fire resistance
 q - a +1 pair of boots (melded)
 y - a +2 robe of cold resistance (melded)
Jewellery
 b - a ring of see invisible
 g - a +4 ring of protection (left branch)
 l - a ring of poison resistance (right branch)
 o - an amulet of the acrobat
 z - an amulet of reflection (around neck)
 A - an amulet of guardian spirit
Wands
 k - a wand of digging (1)
 w - a wand of quicksilver (8) (quivered)
Scrolls
 a - 2 scrolls of amnesia
 v - a scroll of butterflies
 B - a scroll of blinking
Potions
 c - 2 potions of mutation
 d - 7 potions of curing
 i - 3 potions of haste
 j - 2 potions of berserk rage {unknown}
 n - a potion of brilliance
 p - 2 potions of ambrosia
 s - 2 potions of might
 t - 2 potions of lignification
Miscellaneous
 x - a lightning rod (4/4)


   Skills:
 - Level 1.5 Fighting
 - Level 4.8 Maces & Flails
 - Level 4.2 Dodging
 - Level 1.4 Stealth
 + Level 8.3 Spellcasting
 - Level 6.9 Conjurations
 - Level 7.8 Transmutations
 * Level 16.2 Fire Magic
 - Level 2.0 Evocations


You had 7 spell levels left.
You knew the following spells:

 Your Spells              Type           Power      Damage    Failure   Level
a - Foxfire               Conj/Fire      100%       2x1d9     1%          1
b - Scorch                Fire           100%       2d10      0%          2
c - Flame Wave            Conj/Fire      56%        2d13      1%          4
d - Irradiate             Conj/Tmut      20%        3d18      10%         5
e - Ignition              Fire           34%        3d11      52%         8

Your spell library contained the following spells:

 Spells                   Type           Power      Damage    Failure   Level
 Wereblood                Tmut           43%        N/A       1%          2
 Conjure Flame            Conj/Fire      56%        6-21      1%          3
 Inner Flame              Hex/Fire       44%        N/A       1%          3
 Blink                    Tloc           18%        N/A       11%         2
 Poisonous Vapours        Pois/Air       18%        N/A       11%         2
 Sublimation of Blood     Necr           9%         N/A       11%         2
 Tukima's Dance           Hex            9%         N/A       22%         3
 Yara's Violent Unravell  Hex/Tmut       13%        3d7       38%         5
 Corpse Rot               Necr/Pois/Air  9%         N/A       56%         4
 Passage of Golubria      Tloc           9%         N/A       56%         4
 Manifold Assault         Tloc           9%         N/A       89%         5
 Storm Form               Tmut/Air       13%        N/A       100%        7
 Summon Hydra             Summ           4%         N/A       100%        7


Dungeon Overview and Level Annotations

Branches:
Dungeon (10/15) Zot: 208   Temple (1/1) D:6 Zot: 467    Lair (1/5) D:10 Zot: 385
    Orc (0/2) D:10          IceCv (1/1) Zot: 286

Altars:
Ashenzari
Cheibriados
Dithmenos
Elyvilon
Fedhas
Gozag
Hepliaklqana
Kikubaaqudgha
Makhleb
Nemelex Xobeh
Okawaru
Qazlal
Ru
Sif Muna
Trog
Uskayaw
Vehumet
Wu Jian
Xom
Zin
The Shining One

Shops:
D:3 :

Annotations:
IceCv exclusion: ice statue


Innate Abilities, Weirdness & Mutations

You are a tree.
Your roots penetrate the ground, keeping you stationary.
You cannot be teleported.
You are immune to unholy pain and torment.
Your maximum health is greatly increased.
Your equipment is partially melded.
You passively map the area around you.
You are easily found by Zot.
You glow in the dark.
You regain HP and MP as you explore.
You are clumsy. (Dex -2)


Message History

The dire elephant simulacrum trunk-slaps you but does no damage.
The polar bear simulacrum bites you but does no damage.
The polar bear simulacrum completely misses you.
The polar bear simulacrum claws you but does no damage.
You feel much better.
The dire elephant simulacrum tramples you but does no damage.
The dire elephant simulacrum trunk-slaps you but does no damage.
The polar bear simulacrum bites you but does no damage.
The polar bear simulacrum claws you but does no damage. x2
You hit the dire elephant simulacrum but do no damage.
The dire elephant simulacrum is severely damaged.
The dire elephant simulacrum tramples you but does no damage.
The dire elephant simulacrum trunk-slaps you but does no damage.
The polar bear simulacrum bites you. The polar bear simulacrum freezes you!
The polar bear simulacrum claws you but does no damage. x2
You hit the dire elephant simulacrum.
The dire elephant simulacrum convulses.
The dire elephant simulacrum is almost destroyed.
Your transformation is almost over.
The dire elephant simulacrum tramples you.
* * * LOW HITPOINT WARNING * * *
The dire elephant simulacrum trunk-slaps you but does no damage.
The polar bear simulacrum bites you but does no damage.
The polar bear simulacrum claws you.
* * * LOW HITPOINT WARNING * * *
The polar bear simulacrum freezes you!
* * * LOW HITPOINT WARNING * * *
The polar bear simulacrum claws you but does no damage.
Casting: Flame Wave (mildly dangerous; 1% risk of failure)
Confirm with . or Enter, or press ? or * to list all spells.
Flames lash the polar bear simulacrum.
The polar bear simulacrum melts!
The polar bear simulacrum vaporises!
The dire elephant simulacrum tramples you.
* * * LOW HITPOINT WARNING * * *
The dire elephant simulacrum trunk-slaps you but does no damage.
You hit the dire elephant simulacrum but do no damage.
The dire elephant simulacrum is almost destroyed.
The dire elephant simulacrum tramples you!
* * * LOW HITPOINT WARNING * * *
The dire elephant simulacrum trunk-slaps you.
You die...

,, , ,,, ##...## *
.. #####...# * ,,
,....#≈≈≈##..# , , ,
#.≈≈≈.#..## ,, ,* *
##≈##...## ,
####..##*# *
###.#....#8# *
###..........# *
#.Z♣.........# **
#...°...........# *
,......#..........##
, , ,
...#.###..........#
* ## ## ##........##
, #####...## * ,,
##### * ,, , , **


You could see a dire elephant simulacrum.

Vanquished Creatures
  A hydra (Lair:1)
  2 two-headed ogres
  An ugly thing (D:10)
  A cyclops (D:10)
  A manticore (D:10)
  An ice statue (IceCv)
  A rime drake (Lair:1)
  An ice devil (IceCv)
  A troll (D:10)
  A polar bear (Lair:1)
  A shadow (D:10)
  15 yaks
  A wyvern (D:9)
  A dire elephant simulacrum (IceCv)
  2 steam dragons (D:8)
  A warg (D:10)
  2 water moccasins
  An ice beast (D:5)
  A black bear (D:5)
  A hydra simulacrum (IceCv)
  2 orc warriors
  A sky beast (D:7)
  2 ogres
  3 centaurs
  2 kobold brigands
  A phantom (D:7)
  5 bullfrogs
  A two-headed ogre simulacrum (IceCv)
  2 necrophages
  2 gnoll sergeants
  3 scorpions
  8 wights
  An elephant simulacrum (IceCv)
  6 howler monkeys
  5 jellies
  A hound (D:4)
  5 orc priests
  An iguana (D:6)
  13 orc wizards
  2 spriggan simulacra (IceCv)
  2 troll simulacra (IceCv)
  A polar bear simulacrum (IceCv)
  2 naga simulacra (IceCv)
  6 adders
  8 gnolls
  2 white imps
  2 ufetubi
  3 worms
  2 dart slugs
  38 orcs
  2 bats (D:1)
  9 endoplasms
  7 giant cockroaches
  6 goblins
  4 hobgoblins
  2 jackals (D:1)
  20 kobolds
  5 quokkas
  4 ball pythons (D:4)
  3 frilled lizards
  4 rats
235 creatures vanquished.

Vanquished Creatures (collateral kills)
  2 foxfires
2 creatures vanquished.

Vanquished Creatures (others)
  2 kobolds (D:8)
  191 foxfires
  3 fungi (Lair:1)
  4 plants (Lair:1)
200 creatures vanquished.

Grand Total: 437 creatures vanquished

Notes
Turn   | Place    | Note
-------+----------+-------------------------------------------
     0 | D:1      | hawla the Meteoran Fire Elementalist began the quest for
                  | the Orb.
     0 | D:1      | Reached XP level 1. HP: 14/14 MP: 5/5
   108 | D:1      | Found a faded altar of an unknown god.
   140 | D:1      | Reached skill level 4 in Fire Magic
   140 | D:1      | Reached XP level 2. HP: 10/20 MP: 3/6
   143 | D:1      | Learned a level 2 spell: Scorch
   321 | D:1      | Reached XP level 3. HP: 26/26 MP: 5/8
   500 | D:1      | Glimpsed the power of Zot.
   998 | D:2      | Reached XP level 4. HP: 34/34 MP: 5/10
  1054 | D:2      | Learned a level 4 spell: Flame Wave
  1100 | D:2      | Glimpsed the power of Zot.
  1145 | D:3      | Identified the +10 mace of Plunder {freeze, rC- Str+5
                  | Dex+4}
  1161 | D:3      | Reached skill level 5 in Fire Magic
  1262 | D:3      | Found Nynointy's Book Shoppe.
  1303 | D:3      | Found a white marble altar of Elyvilon.
  1314 | D:3      | Reached XP level 5. HP: 36/39 MP: 6/11
  1396 | D:3      | Found a transporter.
  1403 | D:3      | Found a transporter.
  1403 | D:3      | Noticed a bullfrog
  1414 | D:3      | Found an opulent altar of Gozag.
  1418 | D:3      | Killed a bullfrog
  1419 | D:3      | Reached skill level 6 in Fire Magic
  1419 | D:3      | Reached XP level 6. HP: 22/46 MP: 1/12
  1424 | D:3      | Reached skill level 1 in Maces & Flails
  1424 | D:3      | Reached skill level 7 in Fire Magic
  1664 | D:4      | Reached XP level 7. HP: 51/51 MP: 8/13
  1867 | D:4      | Reached skill level 8 in Fire Magic
  1914 | D:4      | Found a glowing silver altar of Zin.
  2230 | D:4      | You fall into a shaft and drop 1 floor!
  2230 | D:5      | Entered Level 5 of the Dungeon
  2237 | D:5      | Gained mutation: You are partially covered in iridescent
                  | scales. (AC +2) [potion of mutation]
  2237 | D:5      | Gained mutation: You are strong-willed. (Will+) [potion of
                  | mutation]
  2237 | D:5      | Gained mutation: You are frail. (-10% HP) [potion of
                  | mutation]
  2306 | D:5      | Reached XP level 8. HP: 52/52 MP: 9/15
  2559 | D:5      | Reached skill level 1 in Fighting
  2757 | D:5      | Reached skill level 9 in Fire Magic
  2769 | D:5      | Lost mutation: You are strong-willed. (Will+) [potion of
                  | mutation]
  2769 | D:5      | Lost mutation: You are partially covered in iridescent
                  | scales. (AC +2) [potion of mutation]
  2769 | D:5      | Lost mutation: You are frail. (-10% HP) [potion of
                  | mutation]
  2769 | D:5      | Gained mutation: You are clumsy. (Dex -2) [potion of
                  | mutation]
  2887 | D:5      | Got the Precepts of Flaming Forms
  2887 | D:5      | Glimpsed the power of Zot.
  2933 | D:6      | Learned a level 5 spell: Irradiate
  2943 | D:6      | Found a staircase to the Ecumenical Temple.
  2955 | Temple   | Entered the Ecumenical Temple
  3111 | D:6      | Reached skill level 1 in Transmutations
  3237 | D:6      | Noticed a yak
  3239 | D:6      | Noticed a yak
  3240 | D:6      | Noticed a yak
  3240 | D:6      | Noticed a yak
  3240 | D:6      | Noticed a yak
  3240 | D:6      | Noticed a yak
  3244 | D:6      | Gained mutation: You passively map the area around you.
                  | [Meteoran growth]
  3244 | D:6      | Reached XP level 9. HP: 64/64 MP: 10/17
  3267 | D:6      | Reached skill level 5 in Conjurations
  3267 | D:6      | Reached skill level 5 in Transmutations
  3571 | D:6      | Reached XP level 10. HP: 68/71 MP: 18/18
  3630 | D:6      | Glimpsed the power of Zot.
  3659 | D:7      | Reached skill level 1 in Evocations
  3660 | D:7      | Reached skill level 5 in Spellcasting
  3739 | D:7      | Learned a level 8 spell: Ignition
  4206 | D:7      | Reached skill level 10 in Fire Magic
  4224 | D:7      | Glimpsed the power of Zot.
  4491 | D:8      | Found a stormy altar of Qazlal.
  4696 | D:8      | Reached skill level 11 in Fire Magic
  4752 | D:8      | Found a burning altar of Makhleb.
  4775 | D:8      | Reached skill level 12 in Fire Magic
  4777 | D:8      | Reached XP level 11. HP: 70/78 MP: 0/20
  5054 | D:9      | Identified the +4 quarterstaff "Rigom" {protect, rN+++
                  | Int-4 SInv Stlth-}
  5096 | D:9      | Reached skill level 13 in Fire Magic
  5139 | D:9      | Found a snail-covered altar of Cheibriados.
  5317 | D:9      | Noticed a two-headed ogre
  5322 | D:9      | Killed a two-headed ogre
  5323 | D:9      | Reached skill level 14 in Fire Magic
  5339 | D:9      | Noticed a two-headed ogre
  5417 | D:9      | Glimpsed the power of Zot.
  5453 | D:10     | Entered Level 10 of the Dungeon
  5475 | D:10     | Found a staircase to the Orcish Mines.
  5481 | D:10     | Noticed a two-headed ogre
  5510 | D:10     | Killed a two-headed ogre
  5551 | D:10     | Reached skill level 15 in Fire Magic
  5559 | D:10     | Noticed a cyclops
  5569 | D:10     | Killed a cyclops
  5570 | D:10     | Noticed a green ugly thing
  5579 | D:10     | Killed a green ugly thing
  5611 | D:10     | Found a radiant altar of Vehumet.
  5611 | D:10     | Found a sacrificial altar of Ru.
  5630 | D:10     | Found the +8 trident of the Octopus King {venom, rElec
                  | rPois}
  5684 | D:10     | Noticed a manticore
  5691 | D:10     | Killed a manticore
  5712 | D:10     | Found a staircase to the Lair.
  5908 | Lair:1   | Entered Level 1 of the Lair of Beasts
  5929 | Lair:1   | Found an ornate altar of the Wu Jian Council.
  5938 | Lair:1   | Reached XP level 12. HP: 57/84 MP: 16/24
  6092 | Lair:1   | Noticed an eight-headed hydra
  6098 | Lair:1   | Killed an eight-headed hydra
  6111 | Lair:1   | Found a frozen archway.
  6123 | IceCv    | Entered an ice cave
  6155 | IceCv    | Reached skill level 16 in Fire Magic
  6434 | IceCv    | HP: 1/126 [dire elephant simulacrum (12)]
  6434 | IceCv    | Slain by a dire elephant simulacrum

Illustrated notes

Levels and vault maps discovered:
D:1:      onia_arrival_pentagram, layout_loops_ring,
          ebering_ecumenical_altar_webs, minmay_misc_feat_tower,
          supply_closet_lemuel
D:2:      layout_loops_corners, basic_altar, chequers_serial_rivers_small_a,
          minivault_24
D:3:      layout_rooms, nicolae_elyvilon_peaceful_grove,
          gammafunk_temple_overflow_arena, serial_shops,
          nicolae_shop_window_shopping
D:4:      layout_loops_ring, mainiacjoe_overflow_alcove_2, st_stairs_12
D:5:      layout_basic, nrook_loot_triangle
D:6:      hellmonk_crumbling_castle, layout_loops_cross, marbit_many_paths,
          minmay_temple_entry_junction
D:7:      layout_layer_cave, kennysheep_generic_room_5
D:8:      layout_layer_cave, lemuel_tele_altar,
          mainiacjoe_overflow_six_doors_small
D:9:      layout_roguey, slow_altar_2
D:10:     layout_rooms, gammafunk_temple_overflow_wave, lair_entry_dummy,
          david_orc_3, st_stairs_3
Temple:   dshaligram_water_room_temple
Lair:1:   layout_regular_city, portal_ice_cave_entry_pillars_2, basic_altar,
          nicolae_volcano_entry_s_turn, serial_bayou_shore_a,
          infiniplex_staircase_pool
IceCv:    ice_cave_small_demon

Skill      XL: |  1  2  3  4  5  6  7  8  9 10 11 12 |
---------------+-------------------------------------+-----
Fire Magic     | 4 5 6 7 8 9 12 15 16 | 16.2
Spellcasting   | 3 4 5 7 8 |  8.3
Conjurations   | 2 3 4 6 |  6.9
Maces & Flails | 1 2 3 4 |  4.8
Dodging        | 3 4 |  4.2
Fighting       | 1 |  1.5
Transmutations | 2 7 |  7.8
Evocations     | 2 |  2.0
Stealth        | |  1.4

Action                   |  1- 3 |  4- 6 |  7- 9 | 10-12 || total
-------------------------+-------+-------+-------+-------++-------
Melee: Unarmed           |    25 |     2 |       |       ||    27
       Mace              |       |     2 |    79 |    84 ||   165
       Flail             |       |       |       |    15 ||    15
       Punch             |       |       |       |     2 ||     2
 Cast: Foxfire           |    32 |    33 |    18 |    36 ||   119
       Scorch            |    10 |    15 |    17 |    47 ||    89
       Flame Wave        |       |     1 |     9 |    26 ||    36
       Irradiate         |       |       |     1 |     3 ||     4
  Use: Scroll            |     3 |       |     8 |    11 ||    22
       Potion            |       |     2 |    10 |     3 ||    15
 Stab: Sleeping          |       |       |       |     1 ||     1
Armor: Robe              |    15 |     6 |    49 |    65 ||   135
       Skin              |       |       |       |    19 ||    19
Dodge: Dodged            |    28 |    16 |    72 |   111 ||   227
Block: Other             |       |       |       |     6 ||     6
